 Dungeon Crawl Stone Soup version 0.29-a0-92-gee772dd00f (webtiles) character file.

Game seed: 16662295549019650402

2 enile the Vexing (level 1, -1/15 HPs)
             Began as a Formicid Arcane Marksman on Feb 10, 2022.
             Was a Follower of Fedhas.
             Slain by a hobgoblin (4 damage)
             ... on level 1 of the Dungeon.
             The game lasted 00:00:29 (301 turns).

enile the Vexing (Formicid Arcane Marksman)          Turns: 301, Time: 00:00:30

Health: -1/15      AC:  2    Str: 14    XL:     1   Next: 44%
Magic:  2/2        EV: 12    Int: 12    God:    Fedhas [*.....]
Gold:   0          SH:  0    Dex: 11    Spells: 1/2 levels left

rFire   . . .      SeeInvis +   (no weapon)
rCold   . . .      Faith    .   (no shield)
rNeg    . . .      Spirit   .   a - +0 robe
rPois   .          Reflect  .   (helmet unavailable)
rElec   .          Harm     .   (no cloak)
rCorr   .          Rampage  .   (no gloves)
Will    .....                   (no boots)
Stlth   +.........              (no amulet)
HPRegen 0.05/turn               (no ring)
MPRegen 0.08/turn               (no ring)

@: no status effects
A: permanent stasis, dig shafts and tunnels, antennae 3, four strong arms
a: Dig, Shaft Self, Renounce Religion


You were on level 1 of the Dungeon.
You worshipped Fedhas.
Fedhas was aware of your devotion.
You visited 1 branch of the dungeon, and saw 1 of its levels.

Inventory:

Missiles
 b - 5 javelins (quivered)
 c - 2 throwing nets
Armour
 a - a +0 robe (worn)
Potions
 d - 2 potions of heal wounds {unknown}
 e - a potion of might {unknown}


   Skills:
 + Level 1.2 Fighting
 + Level 2.0 Throwing
 + Level 1.8 Dodging
 + Level 1.1 Spellcasting
 + Level 3.6 Hexes


You had one spell level left.
You knew the following spells:

 Your Spells              Type           Power      Damage    Failure   Level
a - Slow                  Hex            36%        N/A       7%          1

Your spell library contained the following spells:

 Spells                   Type           Power      Damage    Failure   Level
 Inner Flame              Hex/Fire       5%         N/A       38%         3
 Portal Projectile        Hex/Tloc       10%        N/A       38%         3
 Cause Fear               Hex            4%         N/A       54%         4


Dungeon Overview and Level Annotations

Branches:
Dungeon (1/15)

Altars:
Fedhas


Innate Abilities, Weirdness & Mutations

You cannot be hasted, slowed, berserked, paralysed or teleported.
You can dig through walls and to a lower floor.
You have a pair of large antennae on your head. (SInv)
Your four strong arms can wield two-handed weapons with a shield.


Message History

You hit the giant cockroach but do no damage.
The giant cockroach is heavily wounded.
The giant cockroach bites you.
* * * LOW HITPOINT WARNING * * *
You hit the giant cockroach.
The giant cockroach is almost dead.
The giant cockroach bites you but does no damage.
You hit the giant cockroach but do no damage.
The giant cockroach is almost dead.
The giant cockroach bites you but does no damage.
You hit the giant cockroach but do no damage.
The giant cockroach is almost dead.
The giant cockroach misses you.
You hit the giant cockroach but do no damage.
The giant cockroach is almost dead.
The giant cockroach barely misses you. The giant cockroach closely misses you.
You closely miss the giant cockroach.
The giant cockroach is almost dead.
The giant cockroach barely misses you.
You closely miss the giant cockroach.
The giant cockroach is almost dead.
The giant cockroach barely misses you.
You hit the giant cockroach.
You kill the giant cockroach!
Fedhas appreciates your contribution to the ecosystem.
You barely miss the rat. The hobgoblin hits you.
* * * LOW HITPOINT WARNING * * *
The rat barely misses you.
You hit the hobgoblin but do no damage. The rat misses you.
The hobgoblin closely misses you. The rat barely misses you.
You hit the hobgoblin.
The hobgoblin is moderately wounded.
The rat barely misses you. The hobgoblin barely misses you.
The rat closely misses you.
You closely miss the hobgoblin.
The hobgoblin is moderately wounded.
The rat bites you but does no damage. The hobgoblin hits you.
You die...
Fedhas appreciates your contribution to the ecosystem.

##.............#.#..#.###.#..#
..............###.≈.#.#.§###.#
...............##..#.#)##.#..#
...$...........#.###.##≈.#...#
...............#.###.#########
.....#........##....†....#....
.#............##....#..#.#....
.......####.g###...._#.#.#..##
>....#. ##r@r#....##.#.#..#
######. ####.........#....#
#............####.#....##
.....>.....####.......#
.......................
###################.##. #....
#####


You could see a hobgoblin and 2 rats.

Vanquished Creatures
  A giant cockroach (D:1)
  A hobgoblin (D:1)
2 creatures vanquished.

Notes
Turn   | Place    | Note
-------+----------+-------------------------------------------
     0 | D:1      | enile the Formicid Arcane Marksman began the quest for the
                  | Orb.
     0 | D:1      | Reached XP level 1. HP: 15/15 MP: 2/2
   220 | D:1      | Found a faded altar of an unknown god.
   255 | D:1      | Prayed at the altar of an unknown god.
   255 | D:1      | Became a worshipper of Fedhas Madash
   255 | D:1      | Reached * piety under Fedhas
   301 | D:1      | Slain by a hobgoblin

Illustrated notes

Levels and vault maps discovered:
D:1:      dpeg_arrival_brainrot, layout_rooms, ebering_ecumenical_altar_rust,
          minmay_misc_feat_x, minmay_tromino_v4_b

Action                   || total
-------------------------++-------
Melee: Unarmed           ||    28
 Cast: Slow              ||     3
Armor: Robe              ||     7
Dodge: Dodged            ||    28

Table legend: (Time is in decaauts)
 A = Elapsed time spent in this place.
 B = Non-inter-level travel time spent in this place.
 C = Inter-level travel time spent in this place.
 D = Time resting spent in this place.
 E = Time spent auto-exploring this place.
 F = Levels seen in this place.
 G = Mean time per level.
                   A        B        C        D        E       F      G
               +--------+--------+--------+--------+--------+-----+--------+
         Total |    301 |    295 |      6 |      0 |    239 |   1 |  301.0 |
       Dungeon |    301 |    295 |      6 |      0 |    239 |   1 |  301.0 |
               +--------+--------+--------+--------+--------+-----+--------+

Top non-repeatable levels by time:
     D:1: 301 daAuts
